AoeStats
← Illice90

Arabia

506100976Analyzed
1v1 RM · 18d ago on Sep 12, 2026· 30m 47s· 2 players
Game mode
Random Map
Map size
Tiny (2 player)
Population
200
Speed
Normal
Resources
Standard
Victory
Conquest
Starting age
Dark Age
Ending age
Imperial Age
RankedLock teamsTeams togetherTeam positionsShared explorationLock speedFull tech treeHidden civsTurbo modeCheats
Victory
Defeat
🇪🇸 Tatars · Spain
905
+16
🇬🇧 Ethiopians · United Kingdom
911
-16
Illice90
10:37 Feudal Age
16:49 Castle Age
15:07 Double-Bit Axe
15:54 Fletching
18:36 Padded Archer Armor
18:50 Loom
20:56 Leather Archer Armor
22:25 Elite Skirmisher
24:24 Wheelbarrow
23:40 Horse Collar
29:51 Bow Saw
29:43 Heavy Plow
29:35 Gold Mining
29:36 Stone Mining
29:34 Town Watch
ck
7:00 Loom
9:54 Feudal Age
10:45 Double-Bit Axe
11:11 Horse Collar
13:51 Fletching
19:29 Gold Mining
22:03 Castle Age
22:34 Wheelbarrow
21:44 Town Watch
23:30 Bow Saw
22:51 Crossbowman
24:06 Crossbowman
24:51 Thumb Ring
25:20 Bodkin Arrow
25:28 Padded Archer Armor
25:58 Heavy Plow
26:35 Gold Shaft Mining
Connection lost

Rejoining the realm…

Still unreachable

The connection could not be restored.

Session expired

The server has moved on; the page needs a fresh start.